[Event "Late-Titled-Tuesday-Blitz-May-14-2024"]
[Site "Chess.com"]
[Date "2024.05.14"]
[Round "5"]
[White "Agibileg"]
[Black "nabukatnezarr"]
[Result "1-0"]
[WhiteElo "2874"]
[BlackElo "2625"]
[TimeControl "180+1"]
[EndTime "14:53:57 PDT"]
[Termination "Agibileg won by checkmate"]

1. d4 Nf6 2. c4 e6 3. Nc3 Bb4 4. a3 Bxc3+ 5. bxc3 O-O 6. f3 d5 7. cxd5 exd5 8. e3 Bf5 9. Ne2 Nc6 10. g4 Bd7 11. Ng3 Na5 12. Bd3 a6 13. O-O Bb5 14. Ra2 Bxd3 15. Qxd3 Re8 16. Rg2 c5 17. e4 dxe4 18. fxe4 Nd7 19. Qf3 Rf8 20. g5 Qb6 21.
Nf5 Rae8 22. Bf4 Nc4 23. Kh1 Kh8 24. Qd3 Nxa3 25. Bd6 Rg8 26. e5 cxd4 27. cxd4 Nb5 28. Ne7 Rgf8 29. Rf3 Nxd6 30. Qxh7+ Kxh7 31. Rh3# 1-0

[Event "Late-Titled-Tuesday-Blitz-May-14-2024"]
[Site "Chess.com"]
[Date "2024.05.14"]
[Round "5"]
[White "Malev212"]
[Black "ccccvhhhj"]
[Result "1-0"]
[WhiteElo "2619"]
[BlackElo "2460"]
[TimeControl "180+1"]
[EndTime "14:54:01 PDT"]
[Termination "Malev212 won by checkmate"]

1. e4 e6 2. d4 d5 3. Nc3 Bb4 4. e5 c5 5. Bd2 Ne7 6. Nb5 Bxd2+ 7. Qxd2 O-O 8. f4 cxd4 9. Nf3 Nbc6 10. Nbxd4 Nxd4 11. Qxd4 Bd7 12. Bd3 a6 13. a4 Nc6 14. Qe3 h6 15.
O-O Nb4 16. a5 Nxd3 17. cxd3 Rc8 18. Nd4 Bb5 19. f5 exf5 20. Rxf5 Bd7 21. Rf3 Qe7 22. Re1 Be6 23. Rg3 Kh8 24. Rf1 Qb4 25. h4 Qxb2 26. Kh2 Qc3 27. Rf6 Kh7 28. Nxe6 fxe6 29.
Rxg7+ Kxg7 30. Qxh6+ Kg8 31. Qg5+ Kh7 32. Rh6# 1-0

[Event "Late-Titled-Tuesday-Blitz-May-14-2024"]
[Site "Chess.com"]
[Date "2024.05.14"]
[Round "5"]
[White "Masterisback04"]
[Black "Arimin1329"]
[Result "1-0"]
[WhiteElo "2037"]
[BlackElo "2353"]
[TimeControl "180+1"]
[EndTime "14:54:05 PDT"]
[Termination "Masterisback04 won by resignation"]

1. e4 c6 2. d4 d5 3. Nd2 dxe4 4.
Nxe4 Bf5 5. Ng3 Bg6 6. Nf3 e6 7. Ne5 Nd7 8. Nxg6 hxg6 9. Be3 Qb6 10. Qc1 Ngf6 11. Bd3 Nd5 12. O-O N7f6 13. c4 Nxe3 14.
fxe3 Bd6 15. c5 Qc7 16. cxd6 Qxd6 17. Qc5 Qc7 18. Rf3 Ng4 19. h3 Nf6 20. Raf1 g5 21. Ne4 g4 22. Nxf6+ gxf6 23. Rxf6 Rxh3 24. Qe5 Qxe5 25.
dxe5 Rxe3 26. Rxf7 O-O-O 27. Bc4 Rxe5 28. Re7 Rd2 29.
Rf8+ Rd8 30. Bxe6+ Rxe6 31. Rxd8+ Kxd8 32. Rxe6 1-0

[Event "Late-Titled-Tuesday-Blitz-May-14-2024"]
[Site "Chess.com"]
[Date "2024.05.14"]
[Round "5"]
[White "BardArtem"]
[Black "Balla_Tamas"]
[Result "0-1"]
[WhiteElo "2731"]
[BlackElo "2541"]
[TimeControl "180+1"]
[EndTime "14:54:13 PDT"]
[Termination "Balla_Tamas won by checkmate"]

1. e4 c5 2. c3 Nf6 3. e5 Nd5 4. Nf3 Nc6 5. Bc4 Nb6 6. Bb3 c4 7. Bc2 d6 8. exd6 Qxd6 9. O-O Bg4 10. h3 Bh5 11. b3 e6 12. Na3 cxb3 13. axb3 Be7 14.
Nc4 Nxc4 15. bxc4 O-O 16. d4 Rac8 17. Re1 b6 18. Bd2 Qc7 19. d5 Na5 20. dxe6 Nxc4 21.
exf7+ Rxf7 22. Be4 Kh8 23. g4 Bg6 24. Bxg6 hxg6 25.
Qe2 Nxd2 26. Nxd2 Bc5 27. Ne4 Re8 28. Qd3 Rxe4 29. Rxe4 Rxf2 30. Kh1 Qh2# 0-1

[Event "Late-Titled-Tuesday-Blitz-May-14-2024"]
[Site "Chess.com"]
[Date "2024.05.14"]
[Round "5"]
[White "LLRChess"]
[Black "Zhigalko_Sergei"]
[Result "0-1"]
[WhiteElo "2533"]
[BlackElo "2832"]
[TimeControl "180+1"]
[EndTime "14:54:14 PDT"]
[Termination "Zhigalko_Sergei won by resignation"]

1. e4 c5 2. Nf3 Nc6 3. Bc4 Nf6 4. d3 e6 5. O-O a6 6. a4 d5 7. exd5 exd5 8. Ba2 Bg4 9. h3 Bh5 10. Bg5 Be7 11.
Nbd2 O-O 12. Re1 h6 13. Bf4 Bd6 14. Bxd6 Qxd6 15. g4 Bg6 16. Nf1 Rfe8 17. Ng3 Rxe1+ 18. Qxe1 Nb4 19. Bb1 Re8 20. Qd2 d4 21. c3 dxc3 22. bxc3 Nxd3 23. Bc2 Qf4 24. Qxf4 Nxf4 25. Bb3 Nxh3+ 26.
Kf1 Nxg4 27. Nh4 Kh7 28. f3 Ne3+ 0-1

[Event "Late-Titled-Tuesday-Blitz-May-14-2024"]
[Site "Chess.com"]
[Date "2024.05.14"]
[Round "5"]
[White "NMJeevanK"]
[Black "PabloZarnicki"]
[Result "1-0"]
[WhiteElo "2728"]
[BlackElo "2555"]
[TimeControl "180+1"]
[EndTime "14:54:15 PDT"]
[Termination "NMJeevanK won on time"]

1. e4 e5 2. Nf3 Nf6 3. Nc3 Bb4 4. d3 d5 5. exd5 Nxd5 6. Bd2 O-O 7. Be2 Nc6 8. O-O Bxc3 9. bxc3 Qf6 10. Re1 Bf5 11. Rb1 b6 12. h3 e4 13. dxe4 Bxe4 14. Bd3 Bxf3 15. Qxf3 Qxf3 16. gxf3 Nde7 17. Bf4 Nd5 18. Bd2 Rfe8 19. Be4 Nde7 20. Bf4 Rac8 21. Rbd1 Na5 22. Rd7 Nec6 23. Bxc7 g6 24. Red1 Ne5 25. Bxe5 Rxe5 26. Rxa7 Rxc3 27. Rd8+ Kg7 28. Rdd7 1-0

[Event "Late-Titled-Tuesday-Blitz-May-14-2024"]
[Site "Chess.com"]
[Date "2024.05.14"]
[Round "5"]
[White "balack95"]
[Black "CombativeWombat"]
[Result "1/2-1/2"]
[WhiteElo "2494"]
[BlackElo "2339"]
[TimeControl "180+1"]
[EndTime "14:54:17 PDT"]
[Termination "Game drawn by repetition"]

1. Nf3 d5 2. c4 e6 3. e3 c5 4. cxd5 exd5 5. d4 Nf6 6. Bb5+ Nc6 7. O-O cxd4 8. Nxd4 Bd7 9. Nc3 Bd6 10. h3 O-O 11. b3 Re8 12. Bb2 Nxd4 13. Bxd7 Qxd7 14. Qxd4 Be5 15.
Qd2 d4 16. exd4 Qxd4 17. Qxd4 Bxd4 18. Rad1 Rad8 19. Na4 Bxb2 20. Nxb2 g6 21. Nc4 Rxd1 22.
Rxd1 Re2 23. Rd2 Rxd2 24. Nxd2 Kf8 25. Kf1 Ke7 26. Ke2 Ke6 27. Nf3 Ne4 28. Ke3 f5 29. Nd4+ Kd5 30. Nb5 a6 31. Nc7+ Kd6 32. Ne8+ Ke7 33.
Nc7 Kd6 34. Ne8+ Ke7 35. Nc7 Kd6 1/2-1/2

[Event "Late-Titled-Tuesday-Blitz-May-14-2024"]
[Site "Chess.com"]
[Date "2024.05.14"]
[Round "5"]
[White "Jarming"]
[Black "duone"]
[Result "1-0"]
[WhiteElo "2680"]
[BlackElo "2437"]
[TimeControl "180+1"]
[EndTime "14:54:22 PDT"]
[Termination "Jarming won by checkmate"]

1. e4 c5 2. Nf3 d6 3. d4 cxd4 4. Nxd4 Nf6 5. Nc3 a6 6. Qf3 e6 7. g4 Be7 8. g5 Nfd7 9. h4 Nc6 10.
Be3 Qa5 11. Nb3 Qc7 12. h5 b5 13. g6 Nf6 14. gxf7+ Kxf7 15. Rg1 Bb7 16. Bd3 Ne5 17. Qh3 b4 18. Ne2 Nxe4 19. Nbd4 Nc5 20. Nf4 Bf6 21. Nfxe6 Nexd3+ 22. cxd3 Qc8 23. Rc1 Nxd3+ 24. Kd2 Nxc1 25. Rxc1 Qe8 26. Rc7+ Kg8 27. Rxb7 Rc8 28. Qg4 g6 29. Qf4 Be5 30. Qh6 Bxd4 31. Bxd4 Qxe6 32. Qg7# 1-0

[Event "Late-Titled-Tuesday-Blitz-May-14-2024"]
[Site "Chess.com"]
[Date "2024.05.14"]
[Round "5"]
[White "zacachess"]
[Black "only_strong_moves"]
[Result "0-1"]
[WhiteElo "2357"]
[BlackElo "2669"]
[TimeControl "180+1"]
[EndTime "14:54:25 PDT"]
[Termination "only_strong_moves won by resignation"]

1. e4 c5 2. Nf3 Nc6 3. Bb5 Nf6 4. Nc3 Nd4 5. Bc4 d6 6. h3 g6 7. d3 Nxf3+ 8. Qxf3 Bg7 9. O-O O-O 10. Bg5 Nd7 11. Qg3 h6 12. Bd2 Kh7 13. f4 f5 14. Rae1 a6 15. a4 Nf6 16. e5 Nd7 17. exd6 exd6 18.
Re2 Nf6 19. Rfe1 d5 20. Bb3 b5 21. axb5 axb5 22. Nxb5 Qb6 23. c4 Bd7 24. Re7 Bxb5 25.
cxb5 c4+ 26. Be3 d4 27. Bf2 cxb3 28. R1e6 Qc5 29. Re5 Qc1+ 30. Kh2 Ra1 31. Qf3 Nh5 32. Re1 Qxb2 33. Qb7 Rxe1 34. Rxe1 Qxf2 35. Re7 Qxf4+ 0-1

[Event "Late-Titled-Tuesday-Blitz-May-14-2024"]
[Site "Chess.com"]
[Date "2024.05.14"]
[Round "5"]
[White "Mikhail_Bryakin"]
[Black "Oleg_Papayan"]
[Result "1-0"]
[WhiteElo "2847"]
[BlackElo "2626"]
[TimeControl "180+1"]
[EndTime "14:54:27 PDT"]
[Termination "Mikhail_Bryakin won by resignation"]

1. e4 d5 2. exd5 Qxd5 3. Nc3 Qd8 4. Bc4 c6 5. Nf3 Bf5 6. O-O e6 7. Ne5 Nd7 8. Nxd7 Qxd7 9. d3 Nf6 10. Bf4 Bd6 11. Qf3 O-O 12. h3 Bxf4 13. Qxf4 Bg6 14.
Rfe1 Rfd8 15. a4 a5 16. Re5 Qd4 17. Qxd4 Rxd4 18. Rae1 Nd7 19. R5e3 Nb6 20. b3 Kf8 21. Ne2 Rd6 22. Nf4 Nd5 23. Bxd5 cxd5 24. Nxg6+ hxg6 25. Kf1 d4 26. Re5 Rc6 27. R1e2 b6 28. Ke1 Rac8 29. Kd1 Ke7 30. f4 f6 31. Rb5 Rd8 32. h4 Kf7 33. g3 Rdd6 34. Kd2 Rd7 35. Re4 Rdc7 36. c4 dxc3+ 37.
Kc2 Rd7 38. Rc4 Rxc4 39. bxc4 Rd6 40. Kxc3 Ke7 41. d4 Kd7 42. c5 bxc5 43. Rxc5 Rb6 44.
Rxa5 Rb1 45. Ra7+ Kd6 46. Rxg7 Ra1 47. Rxg6 Rxa4 48. h5 Ke7 49. h6 Kf7 50. h7 Kf8 51. Rg8+ Kf7 52. h8=Q 1-0

[Event "Late-Titled-Tuesday-Blitz-May-14-2024"]
[Site "Chess.com"]
[Date "2024.05.14"]
[Round "5"]
[White "SHIVACalypso"]
[Black "KorolDimitriy75"]
[Result "1-0"]
[WhiteElo "2547"]
[BlackElo "2402"]
[TimeControl "180+1"]
[EndTime "14:54:30 PDT"]
[Termination "SHIVACalypso won by checkmate"]

1. c4 c5 2. g3 g6 3. Bg2 Bg7 4. Nc3 Nc6 5. Nf3 Nh6 6. O-O Nf5 7.
a3 h5 8. Rb1 h4 9. d3 hxg3 10.
hxg3 d6 11. e4 Nfd4 12. Ne2 Nxe2+ 13. Qxe2 Bg4 14. Be3 Qd7 15. b4 Nd4 16. Bxd4 Bxd4 17. bxc5 dxc5 18. e5 Rb8 19. e6 Bxe6 20. Nxd4 cxd4 21.
Qe5 O-O 22. Be4 b6 23. Rfe1 Kh7 24. Kg2 Bh3+ 25. Kh2 Be6 26. Rh1 f6 27. Kg2+ Kg7 28. Qf4 Qd6 29. Qh6+ Kf7 30. Qxg6# 1-0

[Event "Late-Titled-Tuesday-Blitz-May-14-2024"]
[Site "Chess.com"]
[Date "2024.05.14"]
[Round "5"]
[White "AlexeiShirov"]
[Black "Orest_Vovk"]
[Result "1-0"]
[WhiteElo "2923"]
[BlackElo "2691"]
[TimeControl "180+1"]
[EndTime "14:54:31 PDT"]
[Termination "AlexeiShirov won by resignation"]

1. e4 g5 2. d3 h6 3. Nc3 Bg7 4. h4 Bxc3+ 5. bxc3 d5 6. hxg5 dxe4 7. gxh6 exd3 8.
Bxd3 Qd5 9. Qf3 Qe5+ 10. Ne2 Nf6 11. Bf4 Qa5 12. Qg3 Nh5 13. Rxh5 Qxh5 14. Qg7 Rf8 15. h7 Nd7 16. Bh6 Qh1+ 17. Kd2 Qxa1 18. h8=Q Qxa2 19. Bf5 Qd5+ 20. Nd4 e6 21. Bxe6 fxe6 22.
Qg6+ Ke7 23. Bxf8+ Nxf8 24. Qgg7+ 1-0

[Event "Late-Titled-Tuesday-Blitz-May-14-2024"]
[Site "Chess.com"]
[Date "2024.05.14"]
[Round "5"]
[White "pirulillo"]
[Black "ATM622"]
[Result "0-1"]
[WhiteElo "2412"]
[BlackElo "2547"]
[TimeControl "180+1"]
[EndTime "14:54:36 PDT"]
[Termination "ATM622 won by resignation"]

1. e4 c6 2. Nc3 d5 3. Nf3 dxe4 4. Nxe4 Nf6 5. Qe2 Nxe4 6. Qxe4 Nd7 7. Bc4 Nf6 8. Ne5 e6 9. Qe2 Qc7 10. O-O Bd6 11.
d4 O-O 12. Bd3 c5 13. c3 b6 14. Bg5 Nd5 15. c4 Nb4 16. Bxh7+ Kxh7 17. Qh5+ Kg8 18.
Bf6 Be7 19. Bxg7 Kxg7 20. Qg4+ Kh7 21. Rae1 cxd4 22. Re4 f5 23. Qh5+ Kg8 24. Qg6+ Kh8 25.
Rfe1 Bf6 26. R1e3 dxe3 27. Rxe3 Qg7 28. Rh3+ Kg8 29. Qh5 0-1

[Event "Late-Titled-Tuesday-Blitz-May-14-2024"]
[Site "Chess.com"]
[Date "2024.05.14"]
[Round "5"]
[White "DIMONBANAN"]
[Black "Seochesspie"]
[Result "0-1"]
[WhiteElo "2617"]
[BlackElo "2841"]
[TimeControl "180+1"]
[EndTime "14:54:37 PDT"]
[Termination "Seochesspie won by resignation"]

1. e4 c5 2. Nf3 d6 3. d4 cxd4 4.
Nxd4 Nf6 5. Nc3 a6 6. f3 e5 7. Nb3 Be6 8. Be3 Be7 9. Qd2 h5 10. Nd5 Nxd5 11. exd5 Bf5 12. Bd3 Bxd3 13. Qxd3 Bg5 14.
O-O Nd7 15. Rae1 O-O 16. f4 Bxf4 17. Bxf4 exf4 18. Rxf4 Rc8 19. Nd4 Ne5 20. Qe2 g6 21.
c3 Qa5 22. Nf5 gxf5 23. Qxh5 Qb6+ 24. Kh1 Ng6 25. Rh4 Nxh4 26. Qxh4 f6 27. Re7 Rf7 28. Rxf7 Kxf7 29. Qh7+ Ke8 30. Qg8+ Kd7 31. Qf7+ Kd8 0-1

[Event "Late-Titled-Tuesday-Blitz-May-14-2024"]
[Site "Chess.com"]
[Date "2024.05.14"]
[Round "5"]
[White "sillypiggy2024"]
[Black "KebabJangles"]
[Result "0-1"]
[WhiteElo "1725"]
[BlackElo "2364"]
[TimeControl "180+1"]
[EndTime "14:54:38 PDT"]
[Termination "KebabJangles won on time"]

1. d4 Nf6 2. c4 g6 3. g3 Bg7 4.
Bg2 O-O 5. Nc3 d6 6. Nf3 Nc6 7. O-O a6 8. e4 Rb8 9. Bf4 Bg4 10. h3 Bxf3 11. Bxf3 e5 12. dxe5 dxe5 13. Be3 Nd4 14. Bxd4 exd4 15. Nd5 c6 16. Nxf6+ Bxf6 17. Qd3 c5 18. a3 b5 19. b3 Qd6 20. Rfd1 Rfe8 21. Rac1 h5 22. a4 bxa4 23. bxa4 h4 24. Bg2 Rb4 25.
f4 Qe6 26. e5 Be7 27. Kh2 Reb8 28. Bd5 Qf5 29. Be4 Rb2+ 30. Rc2 hxg3+ 31. Kxg3 Bh4+ 32. Kh2 Qxf4+ 0-1

[Event "Late-Titled-Tuesday-Blitz-May-14-2024"]
[Site "Chess.com"]
[Date "2024.05.14"]
[Round "5"]
[White "SujanaLohani"]
[Black "Caracal3000"]
[Result "1-0"]
[WhiteElo "2083"]
[BlackElo "2526"]
[TimeControl "180+1"]
[EndTime "14:54:39 PDT"]
[Termination "SujanaLohani won by resignation"]

1. e4 e5 2. Nf3 Nc6 3. d4 exd4 4. Nxd4 Nf6 5. Nxc6 bxc6 6. e5 Qe7 7. Qe2 Nd5 8.
h4 d6 9. c4 Nb6 10. exd6 cxd6 11.
Be3 Be6 12. Nd2 g6 13. Bd4 Rg8 14. Ne4 Bg7 15. O-O-O O-O-O 16. Bxg7 Rxg7 17. c5 dxc5 18. Qa6+ Kb8 19. Rxd8+ Qxd8 20. Nxc5 Bc8 21. Qd3 Rg8 22. Qg3+ Qc7 23. Qxc7+ Kxc7 24. Bd3 Re8 25. Kd2 Re5 26.
Ne4 Nd5 27. Ng5 f6 28. Nxh7 Bf5 29. Bxf5 Rxf5 30. f3 Kd8 31. Nf8 Ne7 32. Re1 Rd5+ 33. Kc3 Rc5+ 34. Kd4 Rd5+ 35. Kc4 Ke8 36. Nxg6 Kf7 37.
Nxe7 1-0

[Event "Late-Titled-Tuesday-Blitz-May-14-2024"]
[Site "Chess.com"]
[Date "2024.05.14"]
[Round "5"]
[White "VelandiaSaurio"]
[Black "emeli_chess"]
[Result "1-0"]
[WhiteElo "2627"]
[BlackElo "2419"]
[TimeControl "180+1"]
[EndTime "14:54:40 PDT"]
[Termination "VelandiaSaurio won by resignation"]

1. d4 Nf6 2. Nf3 d5 3. e3 c5 4. c3 e6 5. Nbd2 Nc6 6. Bd3 Bd6 7. O-O O-O 8. dxc5 Bxc5 9. e4 dxe4 10. Nxe4 Nxe4 11.
Bxe4 Qxd1 12. Rxd1 Rd8 13. Bf4 Rxd1+ 14. Rxd1 Kf8 15. Bxh7 g6 16. Bh6+ Ke8 17. h4 Bd7 18. g4 Rd8 19. h5 gxh5 20. gxh5 Ke7 21. Be4 Rh8 22. Bg5+ f6 23. Bxf6+ Kxf6 24. Rxd7 Rxh5 25. Rxb7 Ne5 26. b4 Bb6 27. a4 Ng4 28. Nd4 e5 29. a5 Bxa5 30. bxa5 exd4 31. Rxa7 dxc3 32. a6 Ra5 33. Ra8 Ke5 34. Bc2 Ra2 35. a7 1-0

[Event "Late-Titled-Tuesday-Blitz-May-14-2024"]
[Site "Chess.com"]
[Date "2024.05.14"]
[Round "5"]
[White "Flawless_Fighter"]
[Black "DrVelja"]
[Result "0-1"]
[WhiteElo "2673"]
[BlackElo "2905"]
[TimeControl "180+1"]
[EndTime "14:54:42 PDT"]
[Termination "DrVelja won by resignation"]

1. e4 c5 2. Nf3 d6 3. Bb5+ Nd7 4. O-O a6 5. Bd3 e6 6. Re1 g5 7. Rf1 g4 8. Ne1 h5 9. c3 Ngf6 10. Bc2 c4 11. b3 b5 12. bxc4 bxc4 13. Na3 Qc7 14.
Qe2 Ne5 15. d4 cxd3 16. Nxd3 Nfd7 17. Bf4 Bg7 18. Nxe5 Nxe5 19. Ba4+ Bd7 20. Bxd7+ Qxd7 21. Bxe5 Bxe5 22. Nc4 Qc6 23. Nxe5 dxe5 24. c4 Rc8 25.
Rac1 Qc5 26. Rc3 Ke7 27. Qd2 f6 28. Rd1 Rhd8 29. Rd3 Rxd3 30. Qxd3 Qc7 31. h3 Kf7 32. hxg4 hxg4 33. Qg3 Qxc4 34. Qxg4 Rh8 35. Rd7+ Ke8 36. Qd1 Qc8 37. g3 Qxd7 0-1

[Event "Late-Titled-Tuesday-Blitz-May-14-2024"]
[Site "Chess.com"]
[Date "2024.05.14"]
[Round "5"]
[White "temus_galaktionov"]
[Black "xasid81"]
[Result "1-0"]
[WhiteElo "2856"]
[BlackElo "2629"]
[TimeControl "180+1"]
[EndTime "14:54:42 PDT"]
[Termination "temus_galaktionov won by checkmate"]

1. d4 d5 2. c4 c6 3. Nf3 Nf6 4. Qb3 e6 5. Nc3 Nbd7 6. Bg5 Be7 7. e3 h6 8. Bh4 O-O 9. Bd3 b6 10.
O-O Bb7 11. Rfd1 c5 12. cxd5 Nxd5 13. Bxe7 Qxe7 14. Ne4 N5f6 15. Nxf6+ Nxf6 16. Be2 Rfd8 17. Rac1 Rac8 18. Qa3 Bxf3 19. Bxf3 Kf8 20. dxc5 Rxd1+ 21. Bxd1 Rxc5 22. Rxc5 bxc5 23. Bf3 g5 24. h3 Kg7 25. g4 e5 26. Kg2 Qc7 27. Qc3 Qe7 28.
Qc4 Qc7 29. b4 e4 30. Be2 Nd7 31. Qxe4 cxb4 32. Qxb4 Nc5 33. Qc3+ f6 34. Bf3 Qe7 35. Qb4 Qc7 36. Qc4 Qe7 37. a4 Qc7 38. Qb5 Qe7 39.
a5 Qc7 40. Bd5 Qe7 41. Qc6 Nd3 42. Qc8 Ne1+ 43. Kf1 Nd3 44. Qg8# 1-0

[Event "Late-Titled-Tuesday-Blitz-May-14-2024"]
[Site "Chess.com"]
[Date "2024.05.14"]
[Round "5"]
[White "maracayo"]
[Black "NateSolon"]
[Result "0-1"]
[WhiteElo "2356"]
[BlackElo "2657"]
[TimeControl "180+1"]
[EndTime "14:54:44 PDT"]
[Termination "NateSolon won on time"]

1. e4 c5 2. Nf3 Nf6 3. d3 Nc6 4. Nbd2 d5 5. h3 g6 6. c3 Bg7 7. Be2 O-O 8. O-O e5 9. exd5 Nxd5 10. Nc4 h6 11. a4 Be6 12. Re1 Qc7 13. Bf1 Rfe8 14.
Qc2 Rad8 15. a5 g5 16. Qa4 Nf4 17. Bxf4 exf4 18. Qb5 Rd5 19. Nfd2 a6 20. Qa4 Red8 21. Nb6 Re5 22. Ndc4 Rxe1 23. Rxe1 Bf5 24. Qa3 Ne5 25. Nxe5 Bxe5 26. Nc4 Bf6 27. Qa4 Kg7 28. Re8 Bd7 0-1

[Event "Late-Titled-Tuesday-Blitz-May-14-2024"]
[Site "Chess.com"]
[Date "2024.05.14"]
[Round "5"]
[White "FLamps8"]
[Black "mitrabhaa"]
[Result "1-0"]
[WhiteElo "2691"]
[BlackElo "2895"]
[TimeControl "180+1"]
[EndTime "14:54:48 PDT"]
[Termination "FLamps8 won by resignation"]

1. d4 Nf6 2. Bf4 g6 3. Nc3 d6 4. e4 Nc6 5. Nf3 Bg4 6. d5 Bxf3 7.
Qxf3 Nb8 8. e5 dxe5 9. Bxe5 Nbd7 10. Bd4 Bg7 11. O-O-O O-O 12. g4 Nb6 13. h4 Qd6 14. h5 g5 15. h6 Bh8 16. Be3 Qe5 17. Bd4 Qf4+ 18. Qxf4 gxf4 19. g5 Ng4 20. Rh4 Bxd4 21. Rxd4 Ne5 22. Rhxf4 Rad8 23. Rfe4 Ng6 24. f4 Rfe8 25. f5 Nf8 26. Bg2 Nc8 27. Nb5 Nd6 28. Nxc7 Nxe4 29. Bxe4 e5 30. fxe6 Nxe6 31. dxe6 Rxd4 32.
Nxe8 fxe6 33. Nf6+ Kf7 34. Bxh7 Rh4 35. Be4 Rh3 36.
h7 Kg7 37. Ne8+ Kf8 38. g6 1-0

[Event "Late-Titled-Tuesday-Blitz-May-14-2024"]
[Site "Chess.com"]
[Date "2024.05.14"]
[Round "5"]
[White "DishonorOnYourCow"]
[Black "MarkusRagger"]
[Result "0-1"]
[WhiteElo "2532"]
[BlackElo "2813"]
[TimeControl "180+1"]
[EndTime "14:54:53 PDT"]
[Termination "MarkusRagger won on time"]

1. d4 Nf6 2. c4 g6 3. Nc3 d5 4. cxd5 Nxd5 5. e4 Nxc3 6. bxc3 Bg7 7. Nf3 c5 8. Bb5+ Nc6 9. O-O O-O 10. d5 Bxc3 11.
Bh6 Nd4 12. Nxd4 Bxd4 13. Bxf8 Qxf8 14. Rb1 a6 15. Be2 b5 16. a4 b4 17. a5 e5 18.
dxe6 Bxe6 19. Rxb4 cxb4 20. Qxd4 b3 21. Rb1 Qa3 22.
Qd2 Rb8 23. Qf4 Rd8 24. Qc7 Rc8 25. Qf4 b2 26. Bf1 Qa1 0-1

[Event "Late-Titled-Tuesday-Blitz-May-14-2024"]
[Site "Chess.com"]
[Date "2024.05.14"]
[Round "5"]
[White "HajiyevKanan"]
[Black "mfschulz"]
[Result "1-0"]
[WhiteElo "2447"]
[BlackElo "2296"]
[TimeControl "180+1"]
[EndTime "14:54:54 PDT"]
[Termination "HajiyevKanan won by resignation"]

1. d4 Nf6 2. Nf3 c5 3. e3 g6 4. Be2 Bg7 5. O-O O-O 6. b3 b6 7. Bb2 Bb7 8. c4 cxd4 9. Nxd4 d5 10. Bf3 e6 11. Nc3 Nc6 12. Nxc6 Bxc6 13. cxd5 Nxd5 14. Nxd5 Bxb2 15. Rb1 Bg7 16. Nf4 Qxd1 17. Rfxd1 Bxf3 18. gxf3 Rfd8 19. Rbc1 Rac8 20. Rxd8+ Rxd8 21. Rc7 e5 22. Ne2 a5 23. Nc3 Bf8 24. Kf1 Bb4 25.
Ne4 Rd1+ 26. Kg2 Ra1 27. a4 Rb1 28. Ng5 Rxb3 29. Nxf7 Ra3 30. Nxe5 Bd6 31. Rc8+ Kg7 32. Nc4 Rxa4 33. Nxd6 Rb4 34. Kf1 a4 35. Ke2 a3 36.
Ra8 Rb2+ 37. Kf1 a2 38. Kg2 b5 39. Nxb5 Rxb5 40. Rxa2 h5 41. h4 Rb4 42. f4 Kf6 43. Ra6+ Kf5 44. Kf3 Rc4 45. Kg3 Rb4 46. f3 1-0

[Event "Late-Titled-Tuesday-Blitz-May-14-2024"]
[Site "Chess.com"]
[Date "2024.05.14"]
[Round "5"]
[White "miraitrunks"]
[Black "cthake"]
[Result "0-1"]
[WhiteElo "2232"]
[BlackElo "1871"]
[TimeControl "180+1"]
[EndTime "14:54:54 PDT"]
[Termination "cthake won by resignation"]

1. e4 e6 2. Nc3 d5 3. Nf3 d4 4. Ne2 c5 5. Ng3 Nc6 6. Bb5 Bd7 7. O-O a6 8. Bxc6 Bxc6 9. Ne5 Bb5 10. d3 Nf6 11. a4 Bd7 12. f4 Be7 13. Nxd7 Qxd7 14.
e5 Nd5 15. Ne4 O-O 16. Qg4 g6 17. h4 h5 18. Qh3 b5 19. axb5 axb5 20. Rxa8 Rxa8 21.
g4 hxg4 22. Qxg4 Kg7 23. h5 Rh8 24. hxg6 fxg6 25. Rf2 Rh4 26. Qg3 Qe8 27. f5 exf5 28. Nf6 Qh8 29. Bg5 Rh1+ 30. Kg2 Ne3+ 31. Bxe3 dxe3 32. Ne8+ Kf7 33. Re2 Rh4 34. e6+ Kxe8 35.
Qb8+ Bd8 36. Rxe3 Rh2+ 37. Qxh2 Qxh2+ 38. Kxh2 Ke7 39. c4 bxc4 40. dxc4 g5 41. Re5 Bc7 42. Kg2 Bxe5 0-1

[Event "Late-Titled-Tuesday-Blitz-May-14-2024"]
[Site "Chess.com"]
[Date "2024.05.14"]
[Round "5"]
[White "Akhayan"]
[Black "KatakuriDono"]
[Result "1-0"]
[WhiteElo "2445"]
[BlackElo "2294"]
[TimeControl "180+1"]
[EndTime "14:54:56 PDT"]
[Termination "Akhayan won by resignation"]

1. e4 c5 2. Nf3 Nc6 3. Nc3 e6 4. d4 cxd4 5. Nxd4 Bb4 6. Bc4 Bxc3+ 7. bxc3 Nf6 8. Nxc6 bxc6 9. O-O Nxe4 10. Qg4 d5 11. Qxg7 Qf6 12. Qxf6 Nxf6 13. Be2 Ne4 14. f3 Nxc3 15. Bd3 Nb5 16. a4 Nd6 17. Ba3 Kd7 18.
Rab1 Kc7 19. Bb2 Re8 20. Be5 Bd7 21. Bxh7 c5 22. c4 d4 23. Be4 Rab8 24. a5 Bc6 25.
a6 f5 26. Bd3 Kd7 27. h4 Rxb1 28. Rxb1 Nf7 29. Bb8 Ke7 30. Bxa7 Kf6 31. Bxc5 e5 32. a7 Ba8 33. Bc2 e4 34. Bxd4+ Kg6 35. fxe4 fxe4 36. Rb8 Nd6 37. c5 1-0

[Event "Late-Titled-Tuesday-Blitz-May-14-2024"]
[Site "Chess.com"]
[Date "2024.05.14"]
[Round "5"]
[White "jbking07"]
[Black "jeetjain"]
[Result "0-1"]
[WhiteElo "2390"]
[BlackElo "2580"]
[TimeControl "180+1"]
[EndTime "14:54:58 PDT"]
[Termination "jeetjain won by checkmate"]

1. Nf3 c5 2. g3 Nc6 3. Bg2 e5 4. O-O d6 5. b3 g6 6. Bb2 Bg7 7. d3 Nge7 8. e4 O-O 9. Nbd2 f5 10. Re1 f4 11. c3 h6 12. d4 Bg4 13. d5 Nb8 14. h3 Bc8 15. b4 b6 16. a4 a5 17. b5 g5 18. g4 Ng6 19. Nh2 h5 20. f3 Nh4 21. Nc4 Ra7 22. Re2 Raf7 23. Bc1 Rf6 24. Bd2 Nd7 25. Be1 Nxg2 26. Rxg2 Rh6 27. h4 hxg4 28. Nxg4 Rh5 29. hxg5 Nb8 30. Raa2 Kf7 31. g6+ Ke8 32. Rh2 Rfh8 33. Rxh5 Rxh5 34. Rh2 Bxg4 35. fxg4 Rxh2 36. Kxh2 Kd7 37. Qf3 Kc7 38. Qh3 Qf6 39. Qh5 Nd7 40. Bh4 Qf8 41. Kg2 f3+ 42. Kf2 Qf4 43. Be7 Qxe4 44. Bxd6+ Kb7 45. Qf5 Qe2+ 46.
Kg3 Qg2+ 47. Kh4 Qh2+ 48. Kg5 Qh6# 0-1

[Event "Late-Titled-Tuesday-Blitz-May-14-2024"]
[Site "Chess.com"]
[Date "2024.05.14"]
[Round "5"]
[White "sergeikim"]
[Black "dianamirza"]
[Result "1-0"]
[WhiteElo "2607"]
[BlackElo "1961"]
[TimeControl "180+1"]
[EndTime "14:54:59 PDT"]
[Termination "sergeikim won by resignation"]

1. d4 Nf6 2. c4 c5 3. d5 b5 4.
cxb5 a6 5. b6 Qxb6 6. Nc3 g6 7.
e4 Bg7 8. Be2 d6 9. Nf3 O-O 10.
O-O Bg4 11. Nd2 Bxe2 12. Qxe2 Nbd7 13. Nc4 Qb4 14. Bg5 h6 15. Bh4 Rfb8 16. Rab1 Nb6 17. Nxb6 Rxb6 18. Kh1 a5 19. f4 a4 20. a3 Qa5 21. e5 dxe5 22. fxe5 Nd7 23. e6 fxe6 24. dxe6 Nf6 25. Bxf6 Bxf6 26. Nd5 Rd6 27. Nxf6+ exf6 28. Qg4 Kg7 29. Rbe1 Re8 30. e7 f5 31. Qg3 Qc7 32. Rxf5 Rxe7 33. Ref1 Qd7 34. Qc3+ Kg8 35. Rxc5 Rd1 36.
Rc8+ Re8 37. Rxe8+ Qxe8 38. Rxd1 Kf7 39. Qf3+ 1-0

[Event "Late-Titled-Tuesday-Blitz-May-14-2024"]
[Site "Chess.com"]
[Date "2024.05.14"]
[Round "5"]
[White "lucasmito"]
[Black "KuzubovYuriy"]
[Result "0-1"]
[WhiteElo "2733"]
[BlackElo "2939"]
[TimeControl "180+1"]
[EndTime "14:55:02 PDT"]
[Termination "KuzubovYuriy won by resignation"]

1. e4 e5 2. Nf3 Nf6 3. Nxe5 d6 4.
Nf3 Nxe4 5. c4 Nc6 6. Nc3 Nxc3 7.
dxc3 g6 8. Bg5 Be7 9. Bh6 Bf8 10. Bg5 Be7 11. Bh6 Bf8 12. Bxf8 Kxf8 13. Qd2 Kg7 14.
O-O-O Re8 15. h4 Bg4 16. Qf4 h5 17. c5 Re6 18. cxd6 Rxd6 19. Rxd6 Qxd6 20. Qxd6 cxd6 21. Ng5 Re8 22. f3 Bf5 23. Kd2 d5 24. Bb5 a6 25.
Ba4 b5 26. Bb3 f6 27. Nh3 Bxh3 28. Rxh3 d4 29. Rh1 dxc3+ 30. bxc3 Na5 31. Rd1 Nxb3+ 32. axb3 Rd8+ 33. Kc2 Rxd1 34. Kxd1 Kf7 35. b4 Ke6 36. Kc2 Ke5 37. g3 g5 38. hxg5 fxg5 39. Kd3 h4 40. f4+ Kf5 41. fxg5 h3 0-1